[Event "*** SCC Grand Prix: Titled Tuesday Blitz"]
[Site "Chess.com"]
[Date "2020.09.29"]
[Round "1"]
[White "amiralfio"]
[Black "Azerichess"]
[Result "1-0"]
[WhiteElo "2468"]
[BlackElo "2946"]
[TimeControl "180+1"]
[EndTime "10:07:03 PDT"]
[Termination "amiralfio won on time"]

1. d4 d5 2. Bf4 Nf6 3. e3 Bf5 4. c4 e6 5. Nc3 Nc6 6. Nf3 Bb4 7.
Bd3 dxc4 8. Bxc4 Nd5 9. Bxd5 exd5 10. O-O O-O 11. Qb3 Bxc3 12. Qxc3 Rc8 13. b4 Qd7 14. b5 Ne7 15. a4 c6 16. Ne5 Qe6 17. Qa5 g5 18.
Bg3 h5 19. h4 gxh4 20. Bxh4 f6 21. Nf3 Be4 22. Nd2 Nf5 23. Bg3 Rf7 24. Bf4 Rg7 25.
Nxe4 dxe4 26. bxc6 bxc6 27. Rac1 Rb8 28. Bxb8 h4 29.
Rxc6 Qc4 30. Rxc4 1-0

[Event "*** SCC Grand Prix: Titled Tuesday Blitz"]
[Site "Chess.com"]
[Date "2020.09.29"]
[Round "1"]
[White "Margarita2907"]
[Black "Susal_De_Silva"]
[Result "0-1"]
[WhiteElo "2182"]
[BlackElo "2525"]
[TimeControl "180+1"]
[EndTime "10:07:04 PDT"]
[Termination "Susal_De_Silva won by resignation"]

1. e4 e5 2. Nf3 d6 3. d4 exd4 4. Nxd4 Nf6 5. Nc3 Be7 6. Be2 O-O 7. O-O Re8 8. Re1 c6 9. Bd3 h6 10. Nf5 Bxf5 11. exf5 d5 12. h3 Nbd7 13. Bf4 Qb6 14. b3 Bc5 15. Qf3 Bd4 16. Na4 Qa5 17. Rxe8+ Rxe8 18. Rd1 b5 19. Bd2 Qc7 20. Nc3 Ne5 21. Qf4 Bc5 22.
Re1 Bd6 23. Qh4 b4 24. Ne2 Nxd3 25. cxd3 Be7 26. Bf4 Qa5 27. Nd4 Qc5 28. Be5 Bd8 29.
Nf3 Ne4 30. Qg4 Qxf2+ 31. Kh1 Nf6 32. Bxf6 Rxe1+ 33. Nxe1 Qxe1+ 34. Kh2 Bxf6 35. Qf4 Be5 0-1

[Event "*** SCC Grand Prix: Titled Tuesday Blitz"]
[Site "Chess.com"]
[Date "2020.09.29"]
[Round "1"]
[White "FontVella8"]
[Black "RamyresCoelho"]
[Result "1-0"]
[WhiteElo "2475"]
[BlackElo "2001"]
[TimeControl "180+1"]
[EndTime "10:07:04 PDT"]
[Termination "FontVella8 won by resignation"]

1. e4 c5 2. Nf3 d6 3. d4 cxd4 4. Qxd4 Nf6 5. Be2 g6 6. O-O Bg7 7. Rd1 Nc6 8. Qe3 O-O 9. h3 Qc7 10. c4 h6 11. Nc3 Ne5 12. Nd2 Be6 13. b3 Rad8 14. Bb2 a6 15. Rac1 Kh7 16. f4 Nc6 17. Nf3 Nh5 18. Rd2 Ng3 19. Nd5 Nxe2+ 20. Rxe2 Qb8 21.
Bxg7 Kxg7 22. f5 Bd7 23. Qf4 Qa7+ 24. Kh1 Qc5 25. Nxe7 Nd4 26. f6+ Kh7 27. Rd2 Nxf3 28. Qxf3 Qg5 29. Rcd1 b5 30. Rxd6 bxc4 31. Rxd7 Rxd7 32.
Rxd7 cxb3 33. axb3 Qc1+ 34. Kh2 Qg5 35. Rd5 Qc1 36. h4 Qe1 37. Qg3 Qxe4 38. Re5 Qb1 39. h5 g5 40. Rxg5 hxg5 41. Qxg5 Rg8 42. Qxg8+ Kh6 43.
Qg7+ Kxh5 44. g4+ Kh4 45. Nf5+ Qxf5 46. gxf5 1-0

[Event "*** SCC Grand Prix: Titled Tuesday Blitz"]
[Site "Chess.com"]
[Date "2020.09.29"]
[Round "1"]
[White "KacperPolOK"]
[Black "Gabrielian_Artur"]
[Result "0-1"]
[WhiteElo "2384"]
[BlackElo "2756"]
[TimeControl "180+1"]
[EndTime "10:07:05 PDT"]
[Termination "Gabrielian_Artur won by resignation"]

1. e4 c5 2. Nc3 d6 3. g3 Nc6 4.
Bg2 g6 5. d3 Bg7 6. Nf3 Nf6 7.
O-O O-O 8. h3 Rb8 9. Be3 b5 10. Qd2 b4 11. Nd1 a5 12. Rb1 e5 13.
Nh4 Nh5 14. Kh2 Nd4 15. Bh6 Be6 16. b3 a4 17. Nf3 axb3 18. axb3 f6 19. Nxd4 cxd4 20.
Bxg7 Kxg7 21. f4 Qc7 22. Bf3 Kh8 23. Bxh5 gxh5 24. Rf2 Rg8 25. Nb2 Qd7 26. f5 Bf7 27. Nc4 Bxc4 28. bxc4 Qb7 29. Qh6 Qg7 30. Qxg7+ Rxg7 31. Ra1 b3 32. cxb3 Rxb3 33. Ra6 Rxd3 34. Rxd6 Rgxg3 35. Rxf6 Rxh3+ 36. Kg2 h4 37. Re6 Rdg3+ 38. Kf1 d3 39.
Ke1 Rf3 40. Rxf3 Rxf3 41. c5 h3 42. c6 Kg7 43. c7 h2 44. f6+ Rxf6 45. Re7+ Kg6 46.
c8=Q h1=Q+ 47. Kd2 Rf2+ 48. Kxd3 Qd1+ 0-1

[Event "*** SCC Grand Prix: Titled Tuesday Blitz"]
[Site "Chess.com"]
[Date "2020.09.29"]
[Round "1"]
[White "RasSanti"]
[Black "QuintilianoR"]
[Result "0-1"]
[WhiteElo "2310"]
[BlackElo "2635"]
[TimeControl "180+1"]
[EndTime "10:07:05 PDT"]
[Termination "QuintilianoR won on time"]

1. d4 d5 2. c4 c6 3. cxd5 cxd5 4. Nc3 Nf6 5. Nf3 Nc6 6. Bf4 a6 7. Rc1 Bf5 8. e3 e6 9. Qb3 Ra7 10. Be2 Be7 11. h3 O-O 12. O-O h6 13. Na4 Nd7 14. Rfd1 Re8 15. Ne5 Ncxe5 16. dxe5 b5 17. Nc3 Nc5 18.
Qa3 Nd3 19. Qb3 Nxc1 20. Rxc1 Rc7 21. Rd1 Qb8 22. g4 Bg6 23. a3 Rec8 24. Bf3 Qb6 25. Rd2 Rc4 26. Ne2 Rc2 27. Rxc2 Bxc2 28. Qa2 b4 29. Nd4 b3 30. Qa1 Bc5 31. Ne2 Qa5 0-1

[Event "*** SCC Grand Prix: Titled Tuesday Blitz"]
[Site "Chess.com"]
[Date "2020.09.29"]
[Round "1"]
[White "angryhorse9"]
[Black "KaspMagAlpha"]
[Result "0-1"]
[WhiteElo "2537"]
[BlackElo "2260"]
[TimeControl "180+1"]
[EndTime "10:07:05 PDT"]
[Termination "KaspMagAlpha won by resignation"]

1. e4 c5 2. Nf3 e6 3. c3 Nf6 4. e5 Nd5 5. Bc4 d6 6. exd6 Bxd6 7. O-O O-O 8. d4 Nc6 9. dxc5 Bxc5 10. Nbd2 Qc7 11.
Ne4 Bb6 12. Bxd5 exd5 13. Qxd5 h6 14. Qh5 f5 15. Ned2 Be6 16. Re1 Bd5 17. c4 Bf7 18. Qxf5 Bxc4 19. Qg4 Bd3 20. Ne4 Ne5 21. Nxe5 Bxe4 22.
Kh1 Bd5 23. Bf4 Qc8 24. Qg3 Qf5 25. Be3 Bxe3 26. fxe3 Rae8 27. Ng6 Rf6 28. Nf4 Bc6 29. h3 Qe4 30. Rad1 Rf5 31. Rd4 Qc2 32. Re2 Qb1+ 33. Qe1 Qxe1+ 34. Rxe1 g5 35. Nd3 Rf7 36. Kg1 Rfe7 37.
Kf2 Rf8+ 38. Kg1 Bb5 39. e4 Rfe8 40. e5 Bxd3 41. Rxd3 Rxe5 42. Rxe5 Rxe5 43. Rd8+ Kf7 44. Rd7+ Re7 45. Rxb7 Rxb7 0-1

[Event "*** SCC Grand Prix: Titled Tuesday Blitz"]
[Site "Chess.com"]
[Date "2020.09.29"]
[Round "1"]
[White "ljuks68"]
[Black "PavelShkapenko"]
[Result "0-1"]
[WhiteElo "2363"]
[BlackElo "2702"]
[TimeControl "180+1"]
[EndTime "10:07:06 PDT"]
[Termination "PavelShkapenko won by resignation"]

1. e4 e5 2. Nf3 Nc6 3. Bb5 Bc5 4. c3 Bb6 5. d4 Nf6 6. Bg5 h6 7. Bxf6 Qxf6 8. Bxc6 Qxc6 9. O-O exd4 10. Nxd4 Qf6 11. e5 Qg6 12. f4 O-O 13. f5 Qg5 14. Kh1 d6 15. exd6 cxd6 16. Qf3 Bd7 17. Qxb7 Rfd8 18. Qd5 Rab8 19. b4 Bxd4 20. Qxd4 Bxf5 21. Nd2 Qg6 22. Nb3 Be4 23. Qf2 Rb5 24. Nd4 Rg5 25. Nf3 Rf5 26. Qe3 d5 27. Rf2 Qf6 28. Raf1 Rc8 29. Nd4 Rxf2 30.
Qxf2 Qxf2 31. Rxf2 Rxc3 32. h4 Rc4 33. Nf5 Bxf5 34. Rxf5 Rxh4+ 35. Kg1 Rxb4 36. Rxd5 Ra4 37. Rd2 g5 38. Kf2 Kg7 39. g3 f6 40. Kg2 Kg6 41. Kf2 h5 42. Kg2 h4 43. gxh4 Rxh4 0-1

[Event "*** SCC Grand Prix: Titled Tuesday Blitz"]
[Site "Chess.com"]
[Date "2020.09.29"]
[Round "1"]
[White "GmSergioBarrientos"]
[Black "profofchess"]
[Result "1-0"]
[WhiteElo "2688"]
[BlackElo "2351"]
[TimeControl "180+1"]
[EndTime "10:07:07 PDT"]
[Termination "GmSergioBarrientos won on time"]

1. d4 Nf6 2. Nf3 e6 3. c4 c5 4. d5 exd5 5. cxd5 d6 6. Nc3 g6 7. Bf4 a6 8. a4 Bg7 9. e3 O-O 10. Be2 Qe7 11. O-O Nbd7 12. Nd2 Ne5 13. a5 Ne8 14. Nc4 Nxc4 15. Bxc4 f5 16. Na4 g5 17. Bg3 f4 18. exf4 gxf4 19. Re1 Qd8 20. Rxe8 Qxe8 21. Bh4 Bf5 22. Nb6 Rb8 23. Qd2 f3 24. gxf3 Qh5 25. Bg3 Qxf3 26. Be2 Qe4 27. Bf1 Rbd8 28.
Nc4 Qg4 29. Ne3 Qg6 30. Bg2 Be4 31. Bh3 Qh5 32. Bg4 Qg6 33. Be6+ Kh8 34. Nc4 Be5 35. Nxe5 dxe5 36. Qc3 Rf5 37. Bxf5 Qxf5 38. Qxe5+ Qxe5 39. Bxe5+ Kg8 40. d6 Kf7 41. Re1 Bf5 42. f3 1-0

[Event "*** SCC Grand Prix: Titled Tuesday Blitz"]
[Site "Chess.com"]
[Date "2020.09.29"]
[Round "1"]
[White "Omk124"]
[Black "jefferyx"]
[Result "0-1"]
[WhiteElo "2446"]
[BlackElo "2955"]
[TimeControl "180+1"]
[EndTime "10:07:08 PDT"]
[Termination "jefferyx won by resignation"]

1. e4 c5 2. Nf3 e6 3. d4 cxd4 4. Nxd4 Nc6 5. g3 h5 6. Bg2 h4 7. O-O Nxd4 8. Qxd4 Ne7 9. Nc3 Nc6 10. Qd1 a6 11.
Bf4 b5 12. Bd6 Bb7 13. e5 hxg3 14. hxg3 Qg5 15. Bxf8 Kxf8 16. Qxd7 Qh5 17. f3 Rb8 18. f4 Kg8 19. Kf2 Nxe5 20. fxe5 Qh2 21. Ke2 Bxg2 22. Qxf7+ Kh7 23. Rf2 Rhf8 24. Qxf8 Rxf8 25. Rxf8 Qxg3 26. Rf2 Qxe5+ 27. Kd2 Qg5+ 28. Ke2 b4 29. Nd1 Qg4+ 30. Kd2 Qd4+ 31. Ke2 Bc6 32. Ne3 Qxb2 33. Rg1 Qxa2 34.
Rf7 Qb2 35. Kd2 Qc3+ 36. Ke2 Bb5+ 37. Kf2 Qd2+ 38. Kf3 Bc6+ 39. Kg4 Qxe3 40. Rg3 Qe4+ 41. Kh3 Qh1+ 42. Kg4 Be4 43. Re7 Bf5+ 44. Kf4 Qh4+ 45. Kf3 Qxe7 0-1

[Event "*** SCC Grand Prix: Titled Tuesday Blitz"]
[Site "Chess.com"]
[Date "2020.09.29"]
[Round "1"]
[White "Herracek"]
[Black "PavelChernomordik"]
[Result "1-0"]
[WhiteElo "2635"]
[BlackElo "2312"]
[TimeControl "180+1"]
[EndTime "10:07:08 PDT"]
[Termination "Herracek won by resignation"]

1. c4 g6 2. g3 Bg7 3. Bg2 e5 4. Nc3 Nc6 5. Rb1 d6 6. b4 Bf5 7.
d3 Qd7 8. b5 Nd8 9. h3 h6 10.
Nf3 g5 11. e4 Bg6 12. Be3 Nf6 13. Qd2 Ne6 14. Nd5 Nh5 15. h4 g4 16. Nh2 Nd4 17.
Bxd4 exd4 18. Nxg4 Qxg4 19. Nxc7+ Ke7 20. Nxa8 Rxa8 21.
Qa5 Nxg3 22. Qc7+ Ke8 23. fxg3 Qxg3+ 24. Kf1 Bh5 25. Rh3 Qf4+ 26. Kg1 Be2 27. Qxb7 Rd8 28. e5 Bxe5 29. Qe4 Qxe4 30. Bxe4 Ke7 31. Kf2 Bg4 32.
Rhh1 f5 33. Bd5 Bf4 34. Rbe1+ Be3+ 35. Rxe3+ dxe3+ 36. Kxe3 Rf8 37. Kf4 Kf6 38. a4 Re8 39. a5 Re2 40. b6 axb6 41. axb6 Rb2 42. b7 Be2 43. Re1 Bxd3 44. Re8 Kg7 45. b8=Q 1-0

[Event "*** SCC Grand Prix: Titled Tuesday Blitz"]
[Site "Chess.com"]
[Date "2020.09.29"]
[Round "1"]
[White "stanyga"]
[Black "GMJustin"]
[Result "1-0"]
[WhiteElo "2604"]
[BlackElo "2295"]
[TimeControl "180+1"]
[EndTime "10:07:08 PDT"]
[Termination "stanyga won on time"]

1. e4 c5 2. Nf3 Nc6 3. Bb5 e5 4. O-O Bd6 5. Na3 Nge7 6. c3 O-O 7. d4 cxd4 8. cxd4 exd4 9. Nxd4 Bxa3 10. bxa3 d5 11. Bg5 f6 12. Bf4 dxe4 13. Nb3 Qxd1 14.
Raxd1 Bg4 15. Rc1 Rac8 16. Rfe1 Bf5 17. Nc5 b6 18. Nb7 Nd4 19. Bc4+ Be6 20. Rxe4 Bxc4 21. Rxd4 Bd5 22. Re1 Bxb7 23. Rxe7 Rf7 24. Rxf7 Kxf7 25. Rd7+ Ke6 26. Rxb7 g5 27. Be3 Rc2 28. g3 1-0

[Event "*** SCC Grand Prix: Titled Tuesday Blitz"]
[Site "Chess.com"]
[Date "2020.09.29"]
[Round "1"]
[White "bascheyaro"]
[Black "freshfoodcompany"]
[Result "0-1"]
[WhiteElo "2740"]
[BlackElo "2399"]
[TimeControl "180+1"]
[EndTime "10:07:09 PDT"]
[Termination "freshfoodcompany won by checkmate"]

1. d4 d5 2. c4 e6 3. Nc3 Be7 4. Bf4 Nf6 5. e3 O-O 6. Nf3 c5 7. dxc5 Bxc5 8. cxd5 Nxd5 9. Nxd5 exd5 10. a3 Nc6 11. Be2 d4 12. Qc2 Qe7 13. Ng5 g6 14. Ne4 Bf5 15. Qxc5 Qxe4 16. O-O dxe3 17. Bxe3 Qe5 18. Rac1 Qxb2 19. Bf3 Ne5 20. Bd4 Nxf3+ 21. gxf3 Qe2 22. Rfe1 Qxf3 23. Rc3 Qg4+ 24. Rg3 Qh4 25. Qe5 f6 26. Qd5+ Kh8 27. Ba1 Rae8 28. Rd1 Qh5 29. Qd6 Be6 30. Re1 Qd5 31. Qf4 Qf5 32. Qh4 Bd7 33. Rc1 Kg7 34. Qd4 Rf7 35. h4 Qe4 36. Qd6 Bc6 37. Kh2 Qxh4+ 38. Rh3 Qxf2# 0-1

[Event "*** SCC Grand Prix: Titled Tuesday Blitz"]
[Site "Chess.com"]
[Date "2020.09.29"]
[Round "1"]
[White "GameOverBro"]
[Black "Vision_64"]
[Result "1-0"]
[WhiteElo "2533"]
[BlackElo "2203"]
[TimeControl "180+1"]
[EndTime "10:07:10 PDT"]
[Termination "GameOverBro won by checkmate"]

1. e4 c5 2. Ne2 Nc6 3. Nbc3 Nf6 4. g3 d5 5. exd5 Nxd5 6. Bg2 Be6 7. O-O g6 8. d3 Bg7 9. Nf4 Nxf4 10. Bxf4 O-O 11.
Qd2 Re8 12. Rfe1 Rc8 13. h4 c4 14. Rad1 cxd3 15. Qxd3 Qa5 16. a3 Bf5 17. Be4 Rcd8 18. Qe3 Nd4 19. Bxf5 Nxf5 20. Rxd8 Rxd8 21. Qf3 e5 22. Bg5 Nd4 23. Qxb7 f6 24. Be3 Nxc2 25. Qb3+ Kh8 26. Qxc2 Rc8 27. Qb3 f5 28. Qe6 Rd8 29.
h5 f4 30. h6 Bxh6 31. Bxa7 fxg3 32. Bb6 gxf2+ 33. Bxf2 Bg7 34. Ne4 Rf8 35. Ng5 Qd2 36. Nf7+ Kg8 37. Nh6+ Kh8 38. Qg8+ Rxg8 39. Nf7# 1-0

[Event "*** SCC Grand Prix: Titled Tuesday Blitz"]
[Site "Chess.com"]
[Date "2020.09.29"]
[Round "1"]
[White "carlsen1001"]
[Black "daro94"]
[Result "0-1"]
[WhiteElo "2445"]
[BlackElo "2946"]
[TimeControl "180+1"]
[EndTime "10:07:11 PDT"]
[Termination "daro94 won by resignation"]

1. e4 c6 2. d4 d5 3. e5 Bf5 4.
Nf3 e6 5. Be2 h6 6. O-O Ne7 7.
c4 Nd7 8. Nc3 dxc4 9. Bxc4 Nd5 10. Re1 Be7 11. Nxd5 cxd5 12. Bb3 Rc8 13. Bd2 O-O 14.
Rc1 Nb6 15. Qe2 Qd7 16. h3 Rxc1 17. Rxc1 Rc8 18. Qf1 a6 19. Ba5 Na8 20. Qe1 Be4 21. Nd2 Bg6 22. Nf1 Bg5 23. Rxc8+ Qxc8 24. Qc3 Qxc3 25. Bxc3 Nc7 26. a4 Bd3 27. Nd2 b5 28. g3 bxa4 29. Bxa4 Nb5 30. f4 Nxc3 31. bxc3 Bd8 32.
Nb3 g5 33. Kf2 gxf4 34. gxf4 Bh4+ 35. Ke3 Bf5 36. Nc5 a5 37. Nb7 Be1 38. Nxa5 Bxc3 39. Nc6 Bxh3 40. Bc2 Kg7 41. Ne7 Bb4 42. Nc6 Ba3 43. Bd3 Bg4 44. Kd2 h5 45. Na5 Bb4+ 46. Ke3 Bxa5 47. Kf2 Bb6 48. Ke3 h4 49. Bf1 h3 50.
Kd3 h2 51. Bg2 Bf5+ 52. Ke3 Be4 53. Bf3 Bxf3 0-1

[Event "*** SCC Grand Prix: Titled Tuesday Blitz"]
[Site "Chess.com"]
[Date "2020.09.29"]
[Round "1"]
[White "anon102030"]
[Black "jens1102"]
[Result "1-0"]
[WhiteElo "2742"]
[BlackElo "2378"]
[TimeControl "180+1"]
[EndTime "10:07:11 PDT"]
[Termination "anon102030 won by resignation"]

1. e4 e5 2. Nc3 Nf6 3. g3 Nc6 4. Bg2 Bb4 5. d3 O-O 6. Bd2 Nd4 7. h3 c6 8. Nce2 Bxd2+ 9. Qxd2 Nxe2 10. Nxe2 d5 11.
exd5 cxd5 12. O-O Re8 13. Rae1 Qb6 14. b3 a5 15. g4 h6 16. Ng3 a4 17. Re2 axb3 18.
axb3 Bd7 19. Rfe1 Qd4 20. c3 Qf4 21. Nf1 Bc6 22. Rxe5 Rxe5 23. Qxf4 Rxe1 24. Kh2 d4 25. Qxd4 Bxg2 26. Kxg2 Raa1 27. Ng3 Re8 28. c4 Ra2 29. b4 Raa8 30. Nf5 Kh7 31. Qb6 Ra2 32.
Qxb7 Ree2 33. Qxf7 Ne8 34. Ng3 Re5 35. d4 Re1 36. c5 Nf6 37. Qxa2 Ne4 38. Nxe4 Rxe4 1-0

[Event "*** SCC Grand Prix: Titled Tuesday Blitz"]
[Site "Chess.com"]
[Date "2020.09.29"]
[Round "1"]
[White "Harry_Rakkel"]
[Black "DonPreuss"]
[Result "1-0"]
[WhiteElo "2572"]
[BlackElo "2250"]
[TimeControl "180+1"]
[EndTime "10:07:11 PDT"]
[Termination "Harry_Rakkel won by resignation"]

1. d4 Nc6 2. d5 Ne5 3. f4 Ng6 4. e4 e5 5. Nf3 exf4 6. h4 h5 7. Bd3 Be7 8. e5 Nxh4 9. Kf1 d6 10. Bxf4 Bg4 11. exd6 cxd6 12. Nbd2 Nxf3 13. gxf3 Bd7 14. Qe2 Kf8 15. Ne4 Bf5 16. c4 Nf6 17. Ng3 Bxd3 18.
Qxd3 Rc8 19. Re1 Nh7 20. Nf5 Bf6 21. Nxd6 g5 22. Re8+ Qxe8 23. Nxe8 Rxe8 24. Rxh5 Kg7 25.
Bd2 Re7 26. Bc3 Bxc3 27. Qxc3+ f6 28. f4 Rhe8 29. fxg5 Nxg5 30. Rxg5+ Kf7 31. Rf5 Re3 32. Qxf6+ 1-0

[Event "*** SCC Grand Prix: Titled Tuesday Blitz"]
[Site "Chess.com"]
[Date "2020.09.29"]
[Round "1"]
[White "Chuchofrio1"]
[Black "vugarrasulov"]
[Result "0-1"]
[WhiteElo "2398"]
[BlackElo "2785"]
[TimeControl "180+1"]
[EndTime "10:07:12 PDT"]
[Termination "vugarrasulov won by resignation"]

1. d4 Nf6 2. c4 e6 3. Nc3 Bb4 4. Qc2 c5 5. dxc5 O-O 6. Nf3 Bxc5 7. Bf4 b6 8. e3 Bb7 9. Be2 Nc6 10. O-O Rc8 11.
Rad1 h6 12. a3 d5 13. cxd5 Nxd5 14. Nxd5 exd5 15. Qd2 Qf6 16. b4 Be7 17. Nd4 Nxd4 18. Qxd4 Rc3 19. Be5 Qg6 20. Bd3 Rxd3 21. Qxd3 Qxd3 22.
Rxd3 Ba6 23. Rxd5 Bxf1 24. Kxf1 Re8 25. Bd4 Bf8 26. Rd7 a5 27. bxa5 bxa5 28. a4 Rc8 29. Ke2 f6 30. Kd3 Bb4 31. g4 Rc1 32. h4 Rg1 33. f3 Rh1 34. h5 Rh2 35. Ke4 Ra2 36. Kf5 Rxa4 37. Kg6 Bf8 38. Rd8 Rc4 39. f4 a4 40. Ra8 a3 41. Rxa3 Bxa3 0-1

[Event "*** SCC Grand Prix: Titled Tuesday Blitz"]
[Site "Chess.com"]
[Date "2020.09.29"]
[Round "1"]
[White "Abdimalik_Abdisalimov"]
[Black "Forantes"]
[Result "1-0"]
[WhiteElo "2735"]
[BlackElo "2376"]
[TimeControl "180+1"]
[EndTime "10:07:12 PDT"]
[Termination "Abdimalik_Abdisalimov won by resignation"]

1. d4 Nf6 2. c4 g6 3. f3 d5 4.
cxd5 Nxd5 5. e4 Nb6 6. Nc3 Bg7 7. Be3 O-O 8. Qd2 Nc6 9. O-O-O e5 10. d5 Nd4 11. f4 c5 12. fxe5 Bxe5 13. Nf3 Nxf3 14. gxf3 Bd6 15. f4 Re8 16. e5 Bf8 17. Ne4 Bg7 18.
Nd6 Bg4 19. Be2 Bxe2 20. Qxe2 Bxe5 21. Nxe8 Bh8 22. Bf2 Na4 23. Rd2 Nxb2 24. Rxb2 Bxb2+ 25. Kxb2 Qxe8 26. Qxe8+ Rxe8 27. Bxc5 b6 28. Ba3 Re2+ 29. Kc3 f5 30. Rd1 Kf7 31. d6 Ke8 32. d7+ Kd8 33. h4 Re3+ 34. Rd3 Re4 35. Bf8 Re6 36. Rd6 Re3+ 37.
Kd4 Re4+ 38. Kd5 Re2 39. Kc6 Rc2+ 40. Kb7 Rc7+ 41. Ka6 Rxd7 42. Rxd7+ Kxd7 43. Kxa7 Kc6 44. Ka6 b5 45. Ka5 Kd5 46. Kxb5 Ke4 47. Bh6 Kd5 48.
a4 1-0

[Event "*** SCC Grand Prix: Titled Tuesday Blitz"]
[Site "Chess.com"]
[Date "2020.09.29"]
[Round "1"]
[White "Lagmantr"]
[Black "Kaslask"]
[Result "0-1"]
[WhiteElo "2647"]
[BlackElo "2359"]
[TimeControl "180+1"]
[EndTime "10:07:12 PDT"]
[Termination "Kaslask won by resignation"]

1. c4 Nf6 2. Nf3 g6 3. g3 Bg7 4. Bg2 O-O 5. b3 d5 6. Bb2 dxc4 7. bxc4 c5 8. O-O Nc6 9. e3 Bf5 10. d4 cxd4 11. exd4 Rc8 12. Nbd2 Ne4 13. Nb3 Na5 14. Nxa5 Qxa5 15. Qb3 b6 16. Rfe1 Nd2 17. Nxd2 Qxd2 18. Re3 Bxd4 19. Rd1 Qxb2 20. Rxe7 Bxf2+ 21. Kf1 Bd4 22. Qxb2 Bxb2 23. Rxa7 Rxc4 24. Bd5 Rd4 25. Rxd4 Bxd4 26.
Ke2 Be6 27. Bxe6 fxe6 28. Kd3 Bc5 29. Kc4 Rf3 30. a4 Ra3 31. Kb5 Ra2 32. Rd7 Bg1 33. h3 Ra3 34. Rd8+ Kg7 35. Rd7+ Kf6 36. Rxh7 Rxg3 37. h4 Rh3 38. Rh8 Ke5 39. Rg8 Rxh4 40.
Rxg6 Be3 41. Rg8 Ke4 42. Rc8 e5 43. Rc4+ Bd4 44. Rc1 Rh2 45. Re1+ Kd3 46. Rd1+ Rd2 47. Rf1 Rb2+ 48. Kc6 e4 49. Kd5 e3 50. Rf4 Rb4 51. Re4 e2 52. a5 bxa5 0-1

[Event "*** SCC Grand Prix: Titled Tuesday Blitz"]
[Site "Chess.com"]
[Date "2020.09.29"]
[Round "1"]
[White "OlaaLa"]
[Black "hungrycaterpillar4"]
[Result "0-1"]
[WhiteElo "2324"]
[BlackElo "2647"]
[TimeControl "180+1"]
[EndTime "10:07:12 PDT"]
[Termination "hungrycaterpillar4 won by resignation"]

1. e4 c5 2. Nf3 Nc6 3. d3 g6 4. Nbd2 Bg7 5. c3 d6 6. g3 e5 7. Bg2 Nge7 8. O-O O-O 9. Re1 h6 10. Nf1 Be6 11. h4 Rc8 12. a4 a5 13. Be3 b6 14.
N3h2 d5 15. Qc1 Kh7 16. g4 d4 17. Bd2 c4 18. dxc4 Bxc4 19. Ng3 dxc3 20. bxc3 Qc7 21.
Be3 Nd8 22. Rb1 Rb8 23. Qb2 b5 24. axb5 Rxb5 25. Qa3 Ne6 26. Rxb5 Bxb5 27. Ra1 a4 28. Bf1 Bxf1 29. Nhxf1 Ra8 30. Nd2 Nf4 31. Bxf4 exf4 32. Ne2 Nc6 33. Nf3 Ne5 34. Nxe5 Bxe5 35. f3 Bd6 36. Qa2 a3 37. Rb1 Kg7 38. Kg2 Rb8 39. c4 Rxb1 40. Qxb1 Qxc4 41. Qa1+ Kh7 42. Kf1 a2 43. e5 Bc5 44. h5 Bd4 45. hxg6+ fxg6 46. Qxd4 Qxd4 0-1

[Event "*** SCC Grand Prix: Titled Tuesday Blitz"]
[Site "Chess.com"]
[Date "2020.09.29"]
[Round "1"]
[White "Evgeny81"]
[Black "barbara25"]
[Result "1-0"]
[WhiteElo "2665"]
[BlackElo "2344"]
[TimeControl "180+1"]
[EndTime "10:07:13 PDT"]
[Termination "Evgeny81 won by checkmate"]

1. Nf3 Nf6 2. g3 e6 3. Bg2 d5 4. O-O c5 5. c4 Be7 6. cxd5 exd5 7. d4 O-O 8. b3 b6 9. Bb2 Bb7 10. Nbd2 Nbd7 11. Rc1 Rc8 12. Re1 Ne4 13. e3 Ndf6 14. Ne5 Nxd2 15. Qxd2 Ne4 16. Qe2 f6 17. Nd3 c4 18.
bxc4 dxc4 19. Nf4 Qd7 20. Bxe4 Bxe4 21. Rxc4 g5 22. Nh5 Qh3 23. f3 Bxf3 24. Qxf3 Rxc4 25. Qd5+ Kh8 26. Qxc4 Qxh5 27. Qe6 Re8 28. d5 Qg6 29. Rf1 Kg7 30. Bd4 h5 31. Rc1 Kh6 32. Qd7 Bd8 33. Rf1 h4 34. Qg4 hxg3 35. hxg3 Qd3 36. Kg2 Kg6 37.
Rf2 Re4 38. Qf5+ Kh5 39. Qh7+ Kg4 40. Qh3# 1-0

[Event "*** SCC Grand Prix: Titled Tuesday Blitz"]
[Site "Chess.com"]
[Date "2020.09.29"]
[Round "1"]
[White "NotFischer"]
[Black "Sashadav97"]
[Result "1-0"]
[WhiteElo "2280"]
[BlackElo "2559"]
[TimeControl "180+1"]
[EndTime "10:07:15 PDT"]
[Termination "NotFischer won on time"]

1. e4 c5 2. Nc3 e6 3. g3 Nc6 4.
Bg2 g6 5. d3 Bg7 6. Nge2 Nge7 7. O-O Rb8 8. Be3 Nd4 9. f4 O-O 10. Qd2 f5 11. Nd1 b6 12. Nc1 Bb7 13. c3 Ndc6 14. Ne2 d5 15. e5 d4 16. Bf2 Qd7 17. c4 a6 18. h3 b5 19. b3 Ba8 20. Nb2 a5 21. cxb5 Rxb5 22. Rac1 Nd5 23. Nc4 Rfb8 24. Nd6 Bf8 25. Nxb5 Rxb5 26. Kh2 a4 27. bxa4 Ra5 28.
g4 Nce7 29. Qxa5 Bb7 30. Rxc5 Ne3 31. Bxe3 Bxg2 32. Kxg2 dxe3 33. Qc7 Qxd3 34. Rc2 Qe4+ 35. Kh2 Qxa4 36. Qc4 Qd7 37. Nd4 Nd5 38. Re2 fxg4 39. hxg4 Bg7 40. Nf3 h6 41. f5 exf5 42. Rxe3 Kh7 43.
Rd3 fxg4 44. Qxd5 Qe7 45. Qd7 Qf8 46. Ng5+ 1-0

[Event "*** SCC Grand Prix: Titled Tuesday Blitz"]
[Site "Chess.com"]
[Date "2020.09.29"]
[Round "1"]
[White "canary2016"]
[Black "r31415"]
[Result "0-1"]
[WhiteElo "1910"]
[BlackElo "2463"]
[TimeControl "180+1"]
[EndTime "10:07:16 PDT"]
[Termination "r31415 won by checkmate"]

1. d4 Nf6 2. Bf4 d5 3. e3 c5 4. c3 cxd4 5. exd4 Nc6 6. Nf3 Bg4 7. Nbd2 e6 8. Bd3 Be7 9. Qb3 Qc8 10. h3 Bh5 11. g4 Bg6 12. Bxg6 hxg6 13. Ne5 Nxe5 14. Bxe5 Nxg4 15. Bxg7 Rh7 16. Be5 Nxe5 17. dxe5 Qc6 18. O-O-O Bg5 19. Kb1 d4 20. Nc4 dxc3 21. Qxc3 Kf8 22.
Qa3+ Kg7 23. Nd6 Rh4 24. Qg3 Be7 25. Rc1 Qd5 26. Rhd1 Qa5 27. Nc4 Qb5 28. Nd6 Qa6 29. Rc7 Qe2 30. Rdc1 Rb4 31. R7c2 Qa6 32. Qc3 Ra4 33. b3 Ra5 34. Nc4 Rc5 35. Rd1 b5 36. Qf3 Rac8 37. Rd7 bxc4 38. Rxe7 Rf8 39. Qb7 Qa5 40.
b4 Rb5 41. Qc7 Qxb4+ 42. Kc1 Qe1# 0-1

[Event "*** SCC Grand Prix: Titled Tuesday Blitz"]
[Site "Chess.com"]
[Date "2020.09.29"]
[Round "1"]
[White "Anton_Demchenko"]
[Black "sewin16"]
[Result "1-0"]
[WhiteElo "2834"]
[BlackElo "2414"]
[TimeControl "180+1"]
[EndTime "10:07:17 PDT"]
[Termination "Anton_Demchenko won on time"]

1. e4 e5 2. Nf3 Nc6 3. Bc4 Bc5 4. d3 Nf6 5. Bg5 d6 6. c3 Bb6 7. Nbd2 a6 8. O-O Na5 9. Bd5 h6 10. Bh4 g5 11. Bg3 c6 12. Bxf7+ Kxf7 13. b4 Kg7 14. Rc1 Bg4 15. bxa5 Bxa5 16. Nc4 Bc7 17.
Ne3 Be6 18. a4 Rf8 19. c4 Nh5 20. Rb1 Nxg3 21. hxg3 Rb8 22. g4 Qe8 23. d4 Rf4 24. d5 Bd7 25. Nd2 c5 26. g3 Rf6 27. Nf5+ Kg6 28.
Kg2 Bxa4 29. Qe2 Bd7 30. Rh1 Bxf5 31. exf5+ Kg7 32. Ne4 Bd8 33. Qe3 b5 34. Ra1 Rb6 35. cxb5 axb5 36. Nxg5 hxg5 37. Qxg5+ Rg6 38. Ra7+ 1-0

[Event "*** SCC Grand Prix: Titled Tuesday Blitz"]
[Site "Chess.com"]
[Date "2020.09.29"]
[Round "1"]
[White "HouseOfDurin"]
[Black "maximnovik"]
[Result "0-1"]
[WhiteElo "2143"]
[BlackElo "2511"]
[TimeControl "180+1"]
[EndTime "10:07:17 PDT"]
[Termination "maximnovik won on time"]

1. d4 Nf6 2. Bg5 c5 3. Bxf6 exf6 4. c3 d5 5. e3 Nc6 6. Nd2 cxd4 7. cxd4 Bd6 8. g3 h5 9. h4 g6 10. Bg2 O-O 11. Ne2 Bc7 12. Nc3 Be6 13. O-O Kg7 14. a3 g5 15. hxg5 fxg5 16. Qxh5 g4 17. Nxd5 Rh8 18.
Qxh8+ Kxh8 19. Nxc7 Qxc7 20. d5 Rd8 21. e4 Ne5 22.
Rac1 Qe7 23. f4 gxf3 24. Nxf3 Nxf3+ 25. Rxf3 Bg4 26. Rf4 Rg8 27. Rcf1 Qe5 28. R1f2 Rg6 29.
Rxf7 Qxg3 30. Rf8+ Rg8 31. R8f6 Kh7 32. Rf7+ Rg7 33.
R7f4 Bh3 34. R4f3 Qxg2+ 35. Rxg2 Bxg2 36. Rf4 Bxe4+ 37. Kf2 Bxd5 38. Ke3 Bc6 39. Kd4 Rg5 40.
Kc3 Kg6 41. b4 Rf5 0-1